ITL
INDIANA HOUNDS @ OTSEGO BULLDOGS
07/09/2025
 
TOP OF THE 1ST
Indiana Hounds batting - Pitching for Otsego Bulldogs : RHP Derek Simpson
Pitching: RHP Derek Simpson
Batting: RHB Víctor Chávez 0-0: Ball
1-0: Swinging Strike
1-1: Foul Ball, location: 2F
1-2: Strikes out looking
Batting: RHB Will Brown 0-0: Ball
1-0: Ball
2-0: Foul Ball, location: 2F
2-1: Foul Ball, location: 2F
2-2: Ball
3-2: Strikes out looking
Batting: RHB Doug Murray 0-0: Foul Ball, location: 2F
0-1: Called Strike
0-2: Strikes out swinging
Top of the 1st over - 0 run(s), 0 hit(s), 0 error(s), 0 left on base; Indiana 0 - Otsego 0
BOTTOM OF THE 1ST
Otsego Bulldogs batting - Pitching for Indiana Hounds : LHP Tatsui Tanaka
Pitching: LHP Tatsui Tanaka
Batting: RHB Ryosei Yamamoto 0-0: Ball
1-0: Called Strike
1-1: Ball
2-1: SINGLE (Groundball, 5D)
Batting: RHB Taro Kino 0-0: Ball
Wild Pitch!
Ryosei Yamamoto to second
1-0: Swinging Strike
1-1: Swinging Strike
1-2: Strikes out swinging
Batting: LHB Manny Domínguez 0-0: Ball
1-0: Called Strike
1-1: Ball
2-1: Foul Ball, location: 2F
2-2: Foul Ball, location: 2F
2-2: Foul Ball, location: 2F
2-2: Fly out, F7 (Flyball, 78S)
Batting: SHB Gilberto Guzmán 0-0: SINGLE (Groundball, 56D)
Ryosei Yamamoto to third
Runner from 3rd tries for Home, SAFE, throw made home
Gilberto Guzmán to second
Batting: RHB Felipe Rego 0-0: Ball
1-0: Foul Ball, location: 2F
1-1: Ball
2-1: Called Strike
2-2: Strikes out swinging
Bottom of the 1st over - 1 run(s), 2 hit(s), 0 error(s), 1 left on base; Indiana 0 - Otsego 1
TOP OF THE 2ND
Indiana Hounds batting - Pitching for Otsego Bulldogs : RHP Derek Simpson
Batting: RHB Barney Lawson 0-0: SINGLE (Groundball, 6MD)
Batting: RHB Danny Walker 0-0: Ball
1-0: Ball
2-0: Called Strike
2-1: Ball
3-1: Called Strike
3-2: Foul Ball, location: 2F
3-2: Base on Balls
Barney Lawson to second
Batting: RHB António Venecia 0-0: Ball
1-0: Ball
2-0: 3-RUN HOME RUN (Flyball, 7D), Distance : 368 ft
Batting: LHB Clint Parkinson 0-0: Swinging Strike
0-1: Ball
1-1: Fly out, F6 (Popup, 6M)
Batting: LHB Pepe Vázquez 0-0: Ball
1-0: Foul Ball, location: 2F
1-1: Ball
2-1: Foul Ball, location: 2F
2-2: Ground out 1-3 (Groundball, 15)
Batting: RHB Paco Castillo 0-0: Ball
1-0: Called Strike
1-1: Ball
2-1: Fly out, F7 (Flyball, 7M)
Top of the 2nd over - 3 run(s), 2 hit(s), 0 error(s), 0 left on base; Indiana 3 - Otsego 1
BOTTOM OF THE 2ND
Otsego Bulldogs batting - Pitching for Indiana Hounds : LHP Tatsui Tanaka
Batting: RHB José Ortíz 0-0: Ground out 5-3 (Groundball, 5S)
Batting: LHB Allen Dickerson 0-0: Called Strike
0-1: SINGLE (Line Drive, 56)
Batting: RHB Kyung-bok Cho 0-0: Called Strike
0-1: Called Strike
0-2: Fly out, F8 (Flyball, 89S)
Batting: RHB José Martínez 0-0: Foul Ball, location: 2F
0-1: Ball
1-1: Swinging Strike
1-2: Foul Ball, location: 2F
1-2: Strikes out swinging
Bottom of the 2nd over - 0 run(s), 1 hit(s), 0 error(s), 1 left on base; Indiana 3 - Otsego 1
TOP OF THE 3RD
Indiana Hounds batting - Pitching for Otsego Bulldogs : RHP Derek Simpson
Batting: RHB Víctor Chávez 0-0: DOUBLE (Groundball, 5L)
Batting: RHB Will Brown 0-0: Ball
1-0: Ball
2-0: Ball
3-0: Called Strike
3-1: SINGLE (Groundball, 6M)
Víctor Chávez to third
Runner from 3rd tries for Home, SAFE, no throw or cutoff
Batting: RHB Doug Murray 0-0: Ball
1-0: Called Strike
Will Brown steals 2nd base
1-1: Ball
2-1: Foul Ball, location: 2F
2-2: Strikes out looking
Batting: RHB Barney Lawson 0-0: Ball
1-0: Ground out 6-3 (Groundball, 6)
Batting: RHB Danny Walker 0-0: Ground out 6-3 (Groundball, 6)
Top of the 3rd over - 1 run(s), 2 hit(s), 0 error(s), 1 left on base; Indiana 4 - Otsego 1
BOTTOM OF THE 3RD
Otsego Bulldogs batting - Pitching for Indiana Hounds : LHP Tatsui Tanaka
Batting: RHB Ryosei Yamamoto 0-0: Called Strike
0-1: Ball
1-1: Ground out 2-3 (Groundball, 2R)
Batting: RHB Taro Kino 0-0: SINGLE (Flyball, 89S)
Batting: LHB Manny Domínguez 0-0: Ball
1-0: Ball
2-0: Foul Ball, location: 2F
2-1: Ground out 6-3 (Groundball, 6S)
Taro Kino to second
Batting: SHB Gilberto Guzmán 0-0: Ball
1-0: Foul Ball, location: 2F
1-1: Foul Ball, location: 2F
1-2: Strikes out swinging
Bottom of the 3rd over - 0 run(s), 1 hit(s), 0 error(s), 1 left on base; Indiana 4 - Otsego 1
TOP OF THE 4TH
Indiana Hounds batting - Pitching for Otsego Bulldogs : RHP Derek Simpson
Batting: RHB António Venecia 0-0: Called Strike
0-1: Ball
1-1: Called Strike
1-2: Ball
2-2: Strikes out swinging
Batting: LHB Clint Parkinson 0-0: Ball
1-0: Ball
2-0: Fly out, F7 (Flyball, 7LS)
Batting: LHB Pepe Vázquez 0-0: Ball
1-0: Ball
2-0: Ball
3-0: Called Strike
3-1: Called Strike
3-2: Foul Ball, location: 2F
3-2: Base on Balls
Batting: RHB Paco Castillo 0-0: Ball
1-0: Ball
2-0: Ball
3-0: Called Strike
3-1: Called Strike
3-2: SINGLE (Line Drive, 6M)
Pepe Vázquez to second
Pepe Vázquez to third
Batting: RHB Víctor Chávez 0-0: Ball
1-0: Swinging Strike
1-1: Called Strike
1-2: Fly out, F7 (Line Drive, 7M)
Top of the 4th over - 0 run(s), 1 hit(s), 0 error(s), 2 left on base; Indiana 4 - Otsego 1
BOTTOM OF THE 4TH
Otsego Bulldogs batting - Pitching for Indiana Hounds : LHP Tatsui Tanaka
Batting: RHB Felipe Rego 0-0: Swinging Strike
0-1: Ball
1-1: SOLO HOME RUN (Flyball, 7D), Distance : 389 ft
Batting: RHB José Ortíz 0-0: Ball
1-0: Called Strike
1-1: Foul Ball, location: 2F
1-2: Strikes out looking
Batting: LHB Allen Dickerson 0-0: Ball
1-0: Called Strike
1-1: Ball
2-1: Called Strike
2-2: SINGLE (Groundball, 34D)
Batting: RHB Kyung-bok Cho 0-0: Foul Ball, location: 2F
0-1: Foul Ball, location: 2F
0-2: DOUBLE (Line Drive, 9LM)
Allen Dickerson to third
Pinch Runner at 2nd Pablo Morán:
Batting: RHB José Martínez 0-0: Ball
1-0: Swinging Strike
1-1: Fly out, F8 (Line Drive, 8RM)
Runner from 3rd tags up, SCORES, throw made
Batting: RHB Ryosei Yamamoto 0-0: Called Strike
0-1: Ball
1-1: Called Strike
1-2: Foul Ball, location: 2F
1-2: Ball
2-2: Fly out, F7 (Flyball, 7LSF)
Bottom of the 4th over - 2 run(s), 3 hit(s), 0 error(s), 1 left on base; Indiana 4 - Otsego 3
TOP OF THE 5TH
Indiana Hounds batting - Pitching for Otsego Bulldogs : RHP Derek Simpson
Now at 2B: Pablo Morán
Batting: RHB Will Brown 0-0: Ball
1-0: Called Strike
1-1: Fly out, F9 (Flyball, 89XD)
Batting: RHB Doug Murray 0-0: Ball
1-0: Fly out, F9 (Flyball, 9S)
Batting: RHB Barney Lawson 0-0: Fly out, F9 (Flyball, 9LM)
Top of the 5th over - 0 run(s), 0 hit(s), 0 error(s), 0 left on base; Indiana 4 - Otsego 3
BOTTOM OF THE 5TH
Otsego Bulldogs batting - Pitching for Indiana Hounds : LHP Tatsui Tanaka
Batting: RHB Taro Kino 0-0: Called Strike
0-1: Ball
1-1: SINGLE (Line Drive, 34)
Batting: LHB Manny Domínguez 0-0: SINGLE (Line Drive, 34D)
Taro Kino to second
Batting: SHB Gilberto Guzmán 0-0: Swinging Strike
0-1: Ball
1-1: Foul Ball, location: 2F
1-2: Foul Ball, location: 2F
1-2: Ball
2-2: Foul Ball, location: 2F
2-2: Ground out U3 (Groundball, 3S)
Taro Kino to third
Manny Domínguez to second
Batting: RHB Felipe Rego 0-0: Foul Ball, location: 2F
0-1: Ball
1-1: Reached on error, E6 (Groundball, 6)
Taro Kino scores
Manny Domínguez to third
Pitching: LHP Ian DeMichelis
Batting: RHB José Ortíz 0-0: Called Strike
Felipe Rego steals 2nd base
0-1: Fly out, F7 (Flyball, 7LM)
Runner from 3rd tags up, SCORES, throw made
Batting: LHB Allen Dickerson 0-0: Called Strike
0-1: Ball
1-1: Ball
2-1: Ball
3-1: Foul Ball, location: 2F
3-2: Strikes out swinging
Bottom of the 5th over - 2 run(s), 2 hit(s), 1 error(s), 1 left on base; Indiana 4 - Otsego 5
TOP OF THE 6TH
Indiana Hounds batting - Pitching for Otsego Bulldogs : RHP Derek Simpson
Batting: RHB Danny Walker 0-0: Swinging Strike
0-1: Foul Ball, location: 2F
0-2: Ball
1-2: Ball
2-2: Ball
3-2: Foul Ball, location: 2F
3-2: Ground out 6-3 (Groundball, 6)
Batting: RHB António Venecia 0-0: Called Strike
0-1: Called Strike
0-2: Ball
1-2: SINGLE (Line Drive, 3)
Pitching: LHP Mario Solíz
Batting: LHB Clint Parkinson 0-0: Ball
1-0: Foul Ball, location: 2F
1-1: Swinging Strike
1-2: Ball
2-2: Strikes out swinging
Batting: LHB Pepe Vázquez 0-0: Called Strike
0-1: Called Strike
0-2: Ball
1-2: Strikes out looking
Top of the 6th over - 0 run(s), 1 hit(s), 0 error(s), 1 left on base; Indiana 4 - Otsego 5
BOTTOM OF THE 6TH
Otsego Bulldogs batting - Pitching for Indiana Hounds : LHP Ian DeMichelis
Batting: RHB Pablo Morán 0-0: Ball
1-0: Ball
2-0: Ball
3-0: Called Strike
3-1: Base on Balls
Batting: RHB José Martínez 0-0: Called Strike
0-1: Swinging Strike
0-2: Strikes out swinging
Batting: RHB Ryosei Yamamoto 0-0: Called Strike
0-1: Fly out, F4 (Line Drive, 4)
Batting: RHB Taro Kino 0-0: Called Strike
0-1: Ball
1-1: Ball
Wild Pitch!
Pablo Morán to second
2-1: Swinging Strike
2-2: Foul Ball, location: 2F
2-2: Ball
3-2: Foul Ball, location: 2F
3-2: Base on Balls
Batting: LHB Manny Domínguez 0-0: Ball
1-0: Foul Ball, location: 2F
1-1: Called Strike
1-2: SINGLE (Groundball, 6)
Pablo Morán to third
Taro Kino to second
Runner from 3rd tries for Home, SAFE, no throw or cutoff
Batting: SHB Gilberto Guzmán 0-0: Called Strike
0-1: Swinging Strike
0-2: Ball
1-2: Strikes out swinging
Bottom of the 6th over - 1 run(s), 1 hit(s), 0 error(s), 2 left on base; Indiana 4 - Otsego 6
TOP OF THE 7TH
Indiana Hounds batting - Pitching for Otsego Bulldogs : LHP Mario Solíz
Batting: RHB Paco Castillo 0-0: Ball
1-0: Ball
2-0: Ball
3-0: Called Strike
3-1: Ground out 6-3 (Groundball, 6)
Batting: RHB Víctor Chávez 0-0: Fly out, F8 (Line Drive, 8LM)
Batting: RHB Will Brown 0-0: Ball
1-0: SINGLE (Line Drive, 89M)
Batting: RHB Doug Murray 0-0: Ball
1-0: Ball
2-0: Called Strike
2-1: Ball
3-1: Foul Ball, location: 2F
3-2: SINGLE (Groundball, 34)
Will Brown to second
Will Brown to third
Batting: RHB Barney Lawson 0-0: Ground out 5-3 (Groundball, 56)
Top of the 7th over - 0 run(s), 2 hit(s), 0 error(s), 2 left on base; Indiana 4 - Otsego 6
BOTTOM OF THE 7TH
Otsego Bulldogs batting - Pitching for Indiana Hounds : LHP Ian DeMichelis
Batting: RHB Felipe Rego 0-0: Swinging Strike
0-1: Ball
1-1: Ground out 5-3 (Groundball, 56)
Pitching: RHP Alvin Heath
Batting: RHB José Ortíz 0-0: Called Strike
0-1: Foul Ball, location: 2F
0-2: Foul Ball, location: 2F
0-2: Fly out, F7 (Line Drive, 7M)
Batting: LHB Allen Dickerson 0-0: Called Strike
0-1: SINGLE (Popup, 7S)
Batting: RHB Pablo Morán 0-0: Ball
1-0: DOUBLE (Flyball, 9LD)
Allen Dickerson to third
Runner from 3rd tries for Home, SAFE, throw made home
Batting: RHB José Martínez 0-0: Called Strike
0-1: Ball
1-1: Ball
2-1: SINGLE (Line Drive, 4MD)
Pablo Morán to third
Runner from 3rd tries for Home, SAFE, no throw or cutoff
Batting: RHB Ryosei Yamamoto 0-0: Fielders Choice at 2nd, 5-4 (Groundball, 56)
Bottom of the 7th over - 2 run(s), 3 hit(s), 0 error(s), 0 left on base; Indiana 4 - Otsego 8
TOP OF THE 8TH
Indiana Hounds batting - Pitching for Otsego Bulldogs : LHP Mario Solíz
Batting: RHB Danny Walker 0-0: Foul Ball, location: 2F
0-1: SINGLE (Groundball, 34D)
Batting: RHB António Venecia 0-0: Ball
1-0: Ball
2-0: Swinging Strike
2-1: Ball
3-1: Foul Ball, location: 2F
3-2: Strikes out looking
Batting: LHB Clint Parkinson 0-0: Called Strike
0-1: Ball
1-1: Ball
2-1: Foul Ball, location: 2F
2-2: Strikes out swinging
Batting: LHB Pepe Vázquez 0-0: SINGLE (Groundball, 4MD)
Danny Walker to second
Runner from 2nd tries for 3rd, SAFE, throw made to third
Pitching: RHP Ricardo Trujillo
Batting: RHB Paco Castillo 0-0: Ball
1-0: Called Strike
1-1: Ball
2-1: SINGLE (Flyball, 8RM)
Danny Walker scores
Pepe Vázquez to second
Runner from 2nd tries for 3rd, SAFE, throw made to third
Batting: RHB Víctor Chávez 0-0: Ball
1-0: Foul Ball, location: 2F
1-1: Fly out, F7 (Flyball, 7S)
Top of the 8th over - 1 run(s), 3 hit(s), 0 error(s), 2 left on base; Indiana 5 - Otsego 8
BOTTOM OF THE 8TH
Otsego Bulldogs batting - Pitching for Indiana Hounds : RHP Alvin Heath
Pitching: RHP Estefan Jiménez
Batting: RHB Taro Kino 0-0: Ball
1-0: Ball
2-0: Ball
3-0: Called Strike
3-1: Called Strike
3-2: SOLO HOME RUN (Flyball, 7D), Distance : 387 ft
Batting: LHB Manny Domínguez 0-0: Called Strike
0-1: Foul Ball, location: 2F
0-2: Foul Ball, location: 2F
0-2: Ground out 4-3 (Groundball, 4MS)
Batting: SHB Gilberto Guzmán 0-0: Ground out 1-3 (Groundball, 13)
Batting: RHB Felipe Rego 0-0: Foul Ball, location: 2F
0-1: Foul Ball, location: 2F
0-2: Ball
1-2: Hit by Pitch
Batting: RHB José Ortíz 0-0: Ball
1-0: Foul Ball, location: 2F
1-1: Ball
2-1: Swinging Strike
2-2: Foul Ball, location: 2F
2-2: SINGLE (Line Drive, 4M)
Felipe Rego to second
Batting: LHB Allen Dickerson 0-0: Ball
1-0: Foul Ball, location: 2F
1-1: Ball
2-1: Ball
3-1: SINGLE (Flyball, 9LM)
Felipe Rego to third
José Ortíz to second
Batting: RHB Pablo Morán 0-0: Called Strike
0-1: Ground out 6-3 (Groundball, 6)
Bottom of the 8th over - 1 run(s), 3 hit(s), 0 error(s), 3 left on base; Indiana 5 - Otsego 9
TOP OF THE 9TH
Indiana Hounds batting - Pitching for Otsego Bulldogs : RHP Ricardo Trujillo
Batting: RHB Will Brown 0-0: Ball
1-0: Ball
2-0: Ball
3-0: Called Strike
3-1: Fly out, F8 (Flyball, 8LM)
Batting: RHB Doug Murray 0-0: Ball
1-0: Called Strike
1-1: Ground out 6-3 (Groundball, 6)
Batting: RHB Barney Lawson 0-0: Called Strike
0-1: Reached on error, E5 (Groundball, 56S)
Batting: RHB Danny Walker 0-0: Fly out, F7 (Flyball, 78D)
Top of the 9th over - 0 run(s), 0 hit(s), 1 error(s), 1 left on base; Indiana 5 - Otsego 9
This league is powered by Out of the Park Baseball, the baseball management simulation game for PC, Mac and Linux
Tuesday, August 2nd, 2016 - OOTP Baseball 16.8 Build 38